 Dungeon Crawl Stone Soup version 0.20-a0-465-g6513c8f (webtiles) character file.

44 kidcy the Slasher (level 3, -3/29 HPs)
             Began as a Barachian Berserker on Jan 12, 2017.
             Was a Follower of Trog.
             Slain by Sigmund
             ... wielding a +0 scythe
              (7 damage)
             ... on level 2 of the Dungeon.
             The game lasted 00:03:18 (1062 turns).

kidcy the Slasher (Barachian Berserker)             Turns: 1062, Time: 00:03:18

Health: -3/29      AC:  9    Str: 15    XL:     3   Next: 60%
Magic:  3/3        EV:  4    Int: 10    God:    Trog [*.....]
Gold:   62         SH:  7    Dex: 11    Spells: 2/2 levels left

rFire  . . .     SeeInvis .     a - +0 falchion
rCold  . . .     Gourm    .     k - +0 chain mail
rNeg   . . .     Faith    .     b - +0 shield
rPois  .         Spirit   .     d - +0 helmet
rElec  .         Reflect  .     (no cloak)
rCorr  .         Harm     .     (no gloves)
MR     +....                    (no boots)
Stlth  ..........               (no amulet)
                                (no ring)
                                g - ring of protection from magic

@: brilliant, exhausted, very slightly contaminated, hasted and slowed, slow
A: swims, slowness 1, strong legs 1
a: Hop, Berserk, Burn Spellbooks, Renounce Religion


You were on level 2 of the Dungeon.
You worshipped Trog.
Trog was aware of your devotion.
You were very hungry.

You visited 1 branch of the dungeon, and saw 2 of its levels.

You collected 62 gold pieces.

Inventory:

Hand Weapons
 a - a +0 falchion (weapon)
Armour
 b - a +0 shield (worn)
 d - a +0 helmet (worn)
 k - a +0 chain mail (worn)
Jewellery
 g - a ring of protection from magic (left hand)
Scrolls
 e - 2 scrolls of enchant weapon {unknown}
 i - a scroll of teleportation {unknown}
 l - a scroll of enchant armour {unknown}
 n - 3 scrolls of remove curse {unknown}
Potions
 p - a potion of ambrosia {unknown}
Comestibles
 c - 3 bread rations
 f - a meat ration
 j - 2 beef jerkies


   Skills:
 + Level 3.5 Fighting
 * Level 4.5 Long Blades
 + Level 2.4 Armour
 - Level 2.0 Dodging
 + Level 0.2 Shields


You had 2 spell levels left.
You didn't know any spells.

Dungeon Overview and Level Annotations

Branches:
Dungeon (2/15)

Altars:

Annotations:
D:1 exclusion: downstairs
D:2 1 exclusion, Sigmund


Innate Abilities, Weirdness & Mutations

You can swim through water.
You cover ground slowly.
You can hop short distances.


Message History

A magic dart appears from out of thin air!
The magic dart hits you!
* * * LOW HITPOINT WARNING * * *
It was a potion of brilliance.
You feel clever all of a sudden.
You hear some strange, mumbled words.
A puff of flame appears from out of thin air!
You block the puff of flame.
You closely miss something. You block something's attack.
You closely miss something.
You hear some strange, mumbled words.
A magic dart appears from out of thin air!
The magic dart hits you!
* * * LOW HITPOINT WARNING * * *
Something completely misses you.
It was a potion of haste.
You feel yourself speed up. You block something's attack.
You are very lightly contaminated with residual magic.
You closely miss something. Something hits you!
You die...

.# .# .#####.###
.........#
........# #.<.....#
... #.......
...#####....#
########.##....@..#
....##.....##.{..#
#............####
#............#
#............#
#............#
#.......†....#
#.<..........#
#............#


There were no monsters in sight!

Vanquished Creatures
  An ooze (D:1)
  3 dart slugs (D:1)
  2 giant cockroaches (D:1)
  2 goblins (D:1)
  7 hobgoblins
  5 jackals (D:1)
  3 bats
  2 frilled lizards (D:1)
  3 kobolds (D:1)
  2 rats (D:1)
30 creatures vanquished.

Notes
Turn   | Place    | Note
-------+----------+-------------------------------------------
     0 | D:1      | kidcy the Barachian Berserker began the quest for the Orb.
     0 | D:1      | Reached XP level 1. HP: 18/18 MP: 1/1
   139 | D:1      | Reached XP level 2. HP: 20/24 MP: 2/2
   339 | D:1      | Reached skill level 4 in Long Blades
   469 | D:1      | Reached XP level 3. HP: 27/29 MP: 3/3
   972 | D:2      | Noticed Sigmund
  1062 | D:2      | Slain by Sigmund

Vault maps used:
D:1:      dpeg_arrival_shelter, roderic_nine_men_s_morris,
          minmay_misc_feat_pillars
D:2:      lemuel_blue_sif_altar, nicolae_overflow_hidden_temple, uniq_jessica,
          uniq_sigmund, uniq_terence

Skill      XL: |  1  2 |
---------------+-------+-----
Long Blades    | 4 |  4.5
Fighting       | |  3.5
Armour         | |  2.4
Dodging        | |  2.0
Shields        | |  0.2

Action                   || total
-------------------------++-------
Melee: Falchion          ||   153
Invok: Berserk           ||     1
 Abil: Hop               ||     1
  Use: Potion            ||     4
  Eat: Chunk             ||     1
Armor: Animal skin       ||     1
       Chain mail        ||    81
       Ring mail         ||     7
Dodge: Dodged            ||    41
Block: Shield            ||    28
       Rpst.: Falchion   ||    15
